 Dungeon Crawl Stone Soup version 0.16.2-2-g470672f (webtiles) character file.

224 kobby the Covered (level 6, -1/48 HPs)
             Began as a Human Fighter on Aug 17, 2015.
             Was an Initiate of Qazlal.
             Slain by an ogre
             ... wielding a +0 giant club
              (13 damage)
             ... on level 5 of the Dungeon.
             The game lasted 00:11:29 (3165 turns).

kobby the Covered (Human Fighter)                   Turns: 3165, Time: 00:11:29

Health: -1/48      AC:  9    Str: 19    XL:     6   Next: 20%
Magic:  6/6        EV:  6    Int:  8    God:    Qazlal [......]
Gold:   109        SH: 10    Dex: 12    Spells: 0 memorised, 5 levels left

rFire  . . .     SeeInvis .     a - +0 long sword
rCold  . . .     Clarity  .     p - +0 chain mail
rNeg   . . .     SustAb   .     c - +1 shield
rPois  .         Gourm    .     (no helmet)
rElec  .         Spirit   .     (no cloak)
rCorr  .         Warding  .     (no gloves)
rMut   .         Stasis   +     (no boots)
MR     .....                    l - amulet of stasis
Stlth  ..........               (no ring)
                                f - ring of stealth

@: lethally poisoned (-1 -> -9), not resistant to hostile enchantments,
extremely unstealthy
A: no striking features
a: Renounce Religion


You were on level 5 of the Dungeon.
You worshipped Qazlal.
Qazlal was noncommittal.
You were very full.

You visited 1 branch of the dungeon, and saw 5 of its levels.

You collected 109 gold pieces.

Inventory:

Hand weapons
 a - a +0 long sword (weapon)
 h - a +3 spear
Armour
 b - a +0 scale mail
 c - a +1 shield (worn)
 p - a +0 chain mail (worn)
Jewellery
 e - an uncursed ring of see invisible
 f - a ring of stealth (left hand)
 k - an uncursed ring of fire {unknown}
 l - an amulet of stasis (around neck)
Scrolls
 q - a scroll of noise {unknown}
 r - a scroll of remove curse {unknown}
Potions
 g - a potion of curing
 m - a potion of invisibility {unknown}
 o - a potion of cancellation {unknown}
Comestibles
 d - 3 bread rations


   Skills:
 + Level 4.0 Fighting
 + Level 3.0 Long Blades
 + Level 4.1 Armour
 + Level 1.8 Dodging
 + Level 3.9 Shields


You had 5 spell levels left.
You didn't know any spells.

Dungeon Overview and Level Annotations

Branches:
Dungeon (5/15)
 Temple: D:4-7

Altars:
Qazlal

Shops:
D:5 =

Annotations:
D:3 Sigmund


Message History

The bat barely misses you. You block the bat's attack.
The bat hits you but does no damage. You block the bat's attack. x2
Shadows whirl around the hobgoblin...
You block the bat's attack. The bat hits you but does no damage.
Found a dented bone amulet.
You see here 14 gold pieces.
You block the bat's attack.
A bat comes into view.
The bat hits you but does no damage.
Your shield and chain mail prevent you from hitting the bat.
You block the bat's attack. The bat barely misses you. The scorpion stings you.
* * * LOW HITPOINT WARNING * * *
You are poisoned.
The scorpion poisons you!
You feel sick. The bat hits you but does no damage. The bat hits you.
* * * LOW HITPOINT WARNING * * *
You block the bat's attack. The ogre hits you with a giant club!
You die...

.........##.........
.#####.#.##.$........ #
#....#..............
###.#####........."....
...<####..$.....>......
.#......∩..............
##..........Ka..........
##............gsb##
##........og.Sr.@.####
####.....Y.g.$sOb........
.##..Y...#.....##...####
.....^........## ...#
....?...##.#### ####
....#..##..# ..#...##..##
.....###.# ...... .


You could see a sky beast, an ogre, a scorpion, a worker ant, an adder, a giant
mite, an orc, a hobgoblin, 2 goblins, 2 bats, a kobold and a rat.

Vanquished Creatures
  A crimson imp (D:3)
  An orc priest (D:4)
  2 worker ants (D:4)
  A hound zombie (D:4)
  3 adders
  A giant mite (D:2)
  A worm (D:3)
  An ooze (D:3)
  3 orcs (D:4)
  5 giant cockroaches
  9 hobgoblins
  A jackal (D:3)
  A quokka (D:2)
  2 ball pythons
  9 bats
  3 giant newts (D:1)
  4 goblins
  2 kobolds
  6 rats
56 creatures vanquished.

Notes
Turn   | Place    | Note
--------------------------------------------------------------
     0 | D:1      | kobby, the Human Fighter, began the quest for the Orb.
     0 | D:1      | Reached XP level 1. HP: 18/18 MP: 1/1
   237 | D:1      | Reached XP level 2. HP: 21/24 MP: 2/2
   729 | D:1      | Reached XP level 3. HP: 27/29 MP: 3/3
  1253 | D:2      | Reached XP level 4. HP: 20/35 MP: 4/4
  1559 | D:3      | Reached skill level 1 in Dodging
  1559 | D:3      | Reached XP level 5. HP: 36/41 MP: 5/5
  1697 | D:3      | Noticed Sigmund
  2144 | D:4      | Found a stormy altar of Qazlal.
  2425 | D:4      | Became a worshipper of Qazlal Stormbringer
  2477 | D:4      | Reached skill level 4 in Armour
  2823 | D:4      | Reached XP level 6. HP: 45/48 MP: 6/6
  2846 | D:5      | Entered Level 5 of the Dungeon
  3122 | D:5      | Found Nerydinysu's Jewellery Boutique.
  3124 | D:5      | Noticed an ice beast
  3128 | D:5      | Noticed a sky beast
  3165 | D:5      | Slain by an ogre

Action                   |  1- 3 |  4- 6 || total
-------------------------+-------+-------++-------
Melee: Long sword        |   126 |   137 ||   263
  Use: Potion            |     3 |     1 ||     4
       Scroll            |       |     9 ||     9
  Eat: Fruit             |     2 |     2 ||     4
       Meat ration       |       |     1 ||     1
       Bread ration      |       |     1 ||     1
       Beef jerky        |       |     1 ||     1
